 Dungeon Crawl Stone Soup version 0.18.1-48-g4cf74bf (webtiles) character file.

44589 RepoMan the Gelid (level 14, -17/92 HPs)
             Began as an Octopode Ice Elementalist on Aug 16, 2016.
             Was the Champion of Dithmenos.
             Killed from afar by a fire giant (36 damage)
             ... with a fireball
             ... on level 14 of the Dungeon on Aug 18, 2016.
             The game lasted 04:20:20 (27568 turns).

RepoMan the Gelid (Octopode Ice Elementalist)      Turns: 27568, Time: 04:20:21

Health: -17/92     AC: 11    Str:  7    XL:     14   Next: 29%
Magic:  4/25       EV: 19    Int: 26    God:    Dithmenos [******]
Gold:   672        SH:  0    Dex: 12    Spells: 7 memorised, 16 levels left

rFire  . . .     SeeInvis +     j - +7 quarterstaff of Entrepreneurial Spirit {holy, SInv}
rCold  + . .     Gourm    .     (shield currently unavailable)
rNeg   + . .     Faith    .     w - +1 hat
rPois  .         Spirit   .     (no amulet)
rElec  .         Dismiss  .     c - +2 ring of protection
rCorr  .         Reflect  .     e - ring of protection from fire
SustAt .         Harm     .     p - ring of positive energy
MR     +++..                    I - +4 ring of evasion
Stlth  +++++++...               o - ring of the Mage {Wiz MR++ Int+3}
                                k - +4 ring of protection
                                v - +3 ring of protection
                                A - ring of ice

@: slowed, wreathed by umbra, very slow, extremely resistant to hostile
enchantments, extremely stealthy
A: almost no armour, amphibious, 8 rings, constrict 8, camouflage 1, low mp 1,
gelatinous body 1
a: Shadow Step, Shadow Form, Renounce Religion


You were on level 14 of the Dungeon.
You worshipped Dithmenos.
Dithmenos was exalted by your worship.
You were not hungry.

You visited 4 branches of the dungeon, and saw 21 of its levels.
You also visited: Sewer.

You collected 2189 gold pieces.
You spent 1517 gold pieces at shops.

Inventory:

Hand Weapons
 j - the +7 quarterstaff of Entrepreneurial Spirit (weapon) {holy, SInv}
   (You found it on level 4 of the Dungeon)

   It has been blessed by the Shining One to cause great damage to the undead
   and demons.
   It lets you see invisible.
Armour
 g - a +1 buckler
 w - a +1 hat (worn)
Magical Staves
 f - an uncursed staff of wizardry
Jewellery
 c - a +2 ring of protection (left tentacle)
 e - a ring of protection from fire (right tentacle)
 k - a +4 ring of protection (on tentacle)
 o - the ring of the Mage (on tentacle) {Wiz MR++ Int+3}
   (You bought it in a shop on level 5 of the Dungeon)

   [ring of wizardry]

   It improves your spell success rate.
   It affects your intelligence (+3).
   It affects your resistance to hostile enchantments.
 p - a ring of positive energy (on tentacle)
 v - a +3 ring of protection (on tentacle)
 A - a ring of ice (on tentacle)
 B - an uncursed ring of flight
 I - a +4 ring of evasion (on tentacle)
Wands
 l - a wand of paralysis (0/24)
 x - a wand of polymorph (13/24)
 D - a wand of lightning (0/15)
 H - a wand of paralysis (5/24)
 Q - a wand of confusion (10/48)
 U - a wand of enslavement (4/24)
Scrolls
 d - 5 scrolls of identify
 n - 5 scrolls of teleportation
 r - a scroll of recharging {unknown}
 s - 12 scrolls of remove curse
 t - a scroll of magic mapping {unknown}
 u - a scroll of amnesia
 y - a scroll of fear
 V - a scroll of holy word {unknown}
 Z - 2 scrolls of silence {unknown}
Potions
 h - 4 potions of agility
 i - 8 potions of curing
 m - 2 potions of haste
 q - 3 potions of resistance
 E - a potion of might
 G - a potion of mutation
 L - a potion of brilliance
 N - a potion of cancellation
 R - a potion of cure mutation
 S - 2 potions of lignification
Books
 F - a book of Enchantments

   Spells                             Type                      Level
   a - Cause Fear                     Hexes                        4
   b - Yara's Violent Unravelling     Hexes/Transmutation          5
   c - Silence                        Hexes/Air                    5
   d - Deflect Missiles               Charms/Air                   6
   e - Haste                          Charms                       6
   f - Discord                        Hexes                        8
Comestibles
 b - 8 bread rations
 z - 12 meat rations


   Skills:
 + Level 7.2 Fighting
 + Level 7.6 Dodging
 - Level 5.1 Stealth
 - Level 1.5 Shields
 + Level 10.4 Spellcasting
 + Level 10.4 Conjurations
 * Level 2.1 Charms
 - Level 3.0 Translocations
 * Level 15.2 Ice Magic


You had 16 spell levels left.
You knew the following spells:

 Your Spells              Type           Power        Failure   Level  Hunger
a - Freeze                Ice            ####         0%          1    None
b - Blink                 Tloc           N/A          1%          2    None
c - Ozocubu's Armour      Chrm/Ice       ######..     1%          3    None
d - Throw Icicle          Conj/Ice       #######.     1%          4    None
f - Throw Frost           Conj/Ice       ######       1%          2    None
i - Summon Ice Beast      Ice/Summ       ######..     1%          4    None
p - Apportation           Tloc           ####......   1%          1    None


Dungeon Overview and Level Annotations

Branches:
Dungeon (14/15)            Temple (1/1) D:7            Lair (4/8) D:11
    Orc (2/2) D:12            Elf (0/3) Orc:2        Vaults (0/5) D:14
  Swamp: Lair:3-6    Shoals: Lair:3-6     Snake: Lair:3-6    Spider: Lair:3-6

Altars:
Ashenzari
Cheibriados
Dithmenos
Elyvilon
Fedhas
Gozag
Kikubaaqudgha
Makhleb
Nemelex Xobeh
Okawaru
Pakellas
Qazlal
Ru
Sif Muna
Trog
Vehumet
Xom
Yredelemnul
Zin
The Shining One
Beogh
Jiyva

Shops:
D:5 =   D:12 [=   Orc:1 }   Orc:2 ?(:%

Portals:
Trove: D:13 (give 13 potions of heal wounds)

Annotations:
D:7 spawnfightdierepeat's ghost, novice HOFi
D:11 4 runed doors, exclusion: 4 doors


Innate Abilities, Weirdness & Mutations

You cannot wear most types of armour.
You are amphibious.
You can wear up to eight rings at the same time.
You can use your tentacles to constrict eight enemies at once.
Your skin changes colour to match your surroundings (Stealth).
Your rubbery body absorbs attacks (AC +1).
Your magical capacity is low (-10% MP).


Message History

Evoke which item? (* to show all) (? for menu, Esc to quit)
Okay, then.
Unknown command.
Unknown command.
Unknown command.
The fire giant barely misses you.
Casting: Blink
Confirm with . or Enter, or press ? or * to list all spells.
You blink.
Read which item? (? for menu, Esc to quit)
As you read the scroll of fog, it crumbles to dust.
The scroll dissolves into smoke.
Things that are here:
a halberd; a chain mail; 11 gold pieces
Casting: Blink
Confirm with . or Enter, or press ? or * to list all spells.
You blink.
The fire giant gestures at you while chanting.
The fireball explodes!
The fireball engulfs you!
You die...

#.#####.##.#.# ....J..
#..........[.# .......
#######.#..### .....#
########...#.## ######....###
..........##.# #.....).....∩
########..##.# #.####....#### #
#.)##.# #.# #.....#/#. ##
##.)...######.####.........
.######.[.§§..##@...............
#.......#§§§..C..##)######..)##
.###.##...§.>.#####.#####.....##
###...###....## #.÷.)........##
##.###.##.#.## #####..........
#.## ##.#.#.# ##.......## .##
##..#§# ##........ .# #..#.###
........# .## ##..§§§W#
###..#.###


You could see a fire giant.

Vanquished Creatures
  Rupert (Lair:4)
  4 hydras
  Erica (D:11)
  2 centaur warriors (D:13)
  2 dancing weapons (D:14)
  A hell hog (shapeshifter) (D:13)
  2 orc high priests (Orc:2)
  2 unseen horrors (D:10)
  A hill giant (D:12)
  2 orc knights (Orc:2)
  6 orc sorcerers
  3 cyclopes
  A manticore (D:13)
  2 deep elf magi
  Psyche (D:10)
  A black mamba (Lair:3)
  5 spiny frogs
  A komodo dragon (D:13)
  A rime drake (Lair:3)
  A freezing wraith (D:14)
  3 trolls
  A polar bear (Lair:3)
  A two-headed ogre (Orc:2)
  A slime creature (D:12)
  A shadow (D:12)
  A wyvern (D:12)
  The ghost of slavik159 the Chopper, an amateur MiGl (Sewer)
  7 yaks
  8 vampire mosquitoes
  2 hungry ghosts
  A hippogriff (D:7)
  A warg (Orc:1)
  A water moccasin (D:8)
  8 orc warriors
  6 porcupines
  An eye of draining (D:10)
  6 ice beasts
  A phantom (D:4)
  3 sky beasts
  A wasp (D:12)
  7 ogres
  5 centaurs
  2 wolves (Lair:4)
  6 crocodiles
  14 giant frogs
  12 big kobolds
  A scorpion (D:10)
  The ghost of Gargoyl the Skirmisher, a weakling DsAK of Lugonu (D:4)
  A wight (D:10)
  4 electric eels
  2 howler monkeys (D:11)
  A quasit (D:13)
  3 crimson imps
  A wasp zombie (D:13)
  2 centaur zombies
  A giant frog zombie (D:10)
  7 hounds
  7 jellies
  2 giant frog skeletons (D:4)
  9 orc priests
  20 orc wizards
  5 centaur skeletons
  A gnoll shaman (D:9)
  6 iguanas
  4 worker ants
  4 hound zombies
  2 hound skeletons
  2 howler monkey zombies (D:4)
  3 worker ant zombies (D:4)
  13 adders
  3 gnolls
  A howler monkey skeleton (D:4)
  5 river rats
  A shadow imp (D:4)
  6 oozes
  2 adder skeletons
  9 worms
  3 dart slugs
  5 giant geckos
  55 orcs
  7 bats
  5 giant cockroaches
  9 hobgoblins
  8 jackals
  25 kobolds
  5 quokkas
  4 ball pythons
  A ball python zombie (D:4)
  3 giant gecko zombies (D:4)
  3 giant newts
  11 goblins
  2 quokka zombies (D:4)
  15 rats
431 creatures vanquished.

Vanquished Creatures (collateral kills)
  Gastronok (D:9)
  A death knight (D:14)
  The ghost of Schimscham the Blocker, a novice FoFi of Qazlal (D:8)
  An orc high priest (Orc:2)
  2 skeletal warriors
  A deep elf archer (Orc:2)
  2 orc knights (Orc:2)
  3 hill giants
  An orc sorcerer (Orc:1)
  2 ugly things (D:13)
  3 elephants (Lair:4)
  A black mamba (Lair:3)
  A spiny frog (Lair:3)
  4 komodo dragons
  2 trolls (Orc:1)
  5 blink frogs (Lair:2)
  13 slime creatures
  Grum (D:9)
  22 yaks
  A wraith (D:13)
  2 vampire mosquitoes (D:13)
  2 hippogriffs
  2 water moccasins
  A porcupine (Lair:3)
  16 orc warriors
  An ice beast (D:11)
  3 black bears (Lair:2)
  A sky beast (D:12)
  An eye of draining (D:11)
  A necrophage (D:10)
  6 wolves
  2 ogres (Orc:1)
  A crocodile (Lair:3)
  2 giant frogs (Lair:3)
  4 wights (D:10)
  An electric eel (D:9)
  A quasit (D:9)
  7 orc wizards
  4 orc priests
  An iguana (D:13)
  3 worker ants
  3 gnolls
  24 river rats
  A shadow imp (D:11)
  26 orcs
184 creatures vanquished.

Vanquished Creatures (others)
  A wolf (Lair:4)
  An orc priest (Orc:2)
  A river rat (Lair:4)
  A fungus (Lair:4)
  4 plants
8 creatures vanquished.

Grand Total: 623 creatures vanquished

Notes
Turn   | Place    | Note
--------------------------------------------------------------
     0 | D:1      | RepoMan the Octopode Ice Elementalist began the quest for the Orb.
     0 | D:1      | Reached XP level 1. HP: 11/11 MP: 3/3
   170 | D:1      | Reached XP level 2. HP: 15/17 MP: 5/5
   174 | D:1      | Learned a level 2 spell: Throw Frost
  1042 | D:1      | Reached XP level 3. HP: 21/21 MP: 6/6
  1053 | D:1      | Learned a level 3 spell: Ozocubu's Armour
  1373 | D:2      | Reached skill level 4 in Ice Magic
  1572 | D:2      | Reached XP level 4. HP: 27/27 MP: 3/8
  2223 | D:3      | Found a glowing silver altar of Zin.
  2223 | D:3      | Found an opulent altar of Gozag.
  2568 | D:3      | Reached skill level 5 in Ice Magic
  2568 | D:3      | Reached XP level 5. HP: 27/31 MP: 5/9
  3482 | D:3      | Reached XP level 6. HP: 36/36 MP: 6/11
  3765 | D:4      | Noticed Gargoyl's ghost (weakling DsAK)
  3785 | D:4      | Killed Gargoyl's ghost
  4003 | D:4      | Reached skill level 6 in Ice Magic
  4045 | D:4      | Noticed a phantom
  4282 | D:4      | Got a shimmering quarterstaff
  4607 | D:4      | Identified the +7 quarterstaff of Entrepreneurial Spirit {holy, SInv} (You found it on level 4 of the Dungeon)
  4695 | D:4      | Reached XP level 7. HP: 41/41 MP: 13/13
  4711 | D:4      | Learned a level 4 spell: Throw Icicle
  4828 | D:4      | Reached skill level 7 in Ice Magic
  5035 | D:4      | Found a radiant altar of Vehumet.
  5186 | D:5      | Entered Level 5 of the Dungeon
  5222 | D:5      | Found Jogeitia's Jewellery Emporium.
  5235 | D:5      | Bought a cursed amulet of inaccuracy for 26 gold pieces
  5519 | D:5      | Reached XP level 8. HP: 19/46 MP: 1/15
  5605 | D:5      | Found a glowing drain.
  5635 | Sewer    | Entered a sewer
  5652 | Sewer    | Noticed slavik159's ghost (amateur MiGl)
  5666 | Sewer    | Killed slavik159's ghost
  5666 | Sewer    | Reached skill level 5 in Spellcasting
  5806 | Sewer    | Reached skill level 8 in Ice Magic
  6471 | Sewer    | Reached skill level 9 in Ice Magic
  6471 | Sewer    | Reached XP level 9. HP: 32/51 MP: 5/17
  6696 | D:5      | Found an iron altar of Okawaru.
  6706 | D:5      | Found an oddly glowing altar of Pakellas.
  7093 | D:5      | Learned a level 4 spell: Summon Ice Beast
  7223 | D:6      | Found a bloodstained altar of Trog.
  7223 | D:6      | Found a stormy altar of Qazlal.
  7223 | D:6      | Found a shadowy altar of Dithmenos.
  7224 | D:6      | Found an ancient bone altar of Kikubaaqudgha.
  7224 | D:6      | Found a sparkling altar of Nemelex Xobeh.
  7226 | D:6      | Found a white marble altar of Elyvilon.
  7226 | D:6      | Found a shattered altar of Ashenzari.
  7227 | D:6      | Found a glowing golden altar of the Shining One.
  7231 | D:6      | Became a worshipper of Dithmenos the Shadowed
  7747 | D:7      | Found a staircase to the Ecumenical Temple.
  7756 | Temple   | Entered the Ecumenical Temple
  7837 | D:7      | Learned a level 1 spell: Apportation
  7840 | D:7      | Learned a level 2 spell: Blink
  8175 | D:7      | Noticed spawnfightdierepeat's ghost (novice HOFi)
  8398 | D:8      | Noticed Schimscham's ghost (novice FoFi)
  8853 | D:8      | Found a viscous altar of Jiyva.
  8878 | D:8      | Reached skill level 5 in Conjurations
  9324 | D:8      | Reached skill level 10 in Ice Magic
  9440 | D:8      | Killed Schimscham's ghost
  9941 | D:9      | Noticed Gastronok
  9987 | D:9      | Reached XP level 10. HP: 56/56 MP: 20/20
 10310 | D:9      | Reached * piety under Dithmenos
 10434 | D:9      | Noticed Grum
 10453 | D:9      | Killed Grum
 11032 | D:9      | Killed Gastronok
 11032 | D:9      | Reached skill level 11 in Ice Magic
 11084 | D:10     | Entered Level 10 of the Dungeon
 11139 | D:10     | Noticed a hill giant
 11283 | D:10     | Noticed an unseen horror
 11289 | D:10     | Killed an unseen horror
 11813 | D:10     | Killed a hill giant
 11813 | D:10     | Reached XP level 11. HP: 61/61 MP: 10/22
 11955 | D:10     | Noticed Psyche
 11967 | D:10     | Killed Psyche
 11967 | D:10     | Reached skill level 12 in Ice Magic
 11985 | D:10     | Noticed an unseen horror
 12002 | D:10     | Killed an unseen horror
 12002 | D:10     | Reached skill level 1 in Fighting
 12534 | D:11     | Noticed a six-headed hydra
 12540 | D:11     | Noticed Erica
 12626 | D:11     | Reached ** piety under Dithmenos
 12718 | D:11     | Found a huge runed gate.
 13119 | D:11     | Killed a six-headed hydra
 13280 | D:11     | Noticed a hill giant
 13289 | D:11     | Killed a hill giant
 13452 | D:11     | Found a huge runed gate.
 13452 | D:11     | Noticed a griffon
 13455 | D:11     | Found a huge runed gate.
 13455 | D:11     | Found a huge runed gate.
 13544 | D:11     | Found a staircase to the Lair.
 13550 | D:11     | Killed Erica
 13804 | D:11     | Found an ancient bone altar of Kikubaaqudgha.
 14166 | D:12     | Noticed a hill giant
 14201 | D:12     | Killed a hill giant
 14311 | D:12     | Found Ohoufy's Jewellery Emporium.
 14343 | D:12     | Found Leqin's Armour Shoppe.
 14343 | D:12     | Found a staircase to the Orcish Mines.
 14820 | D:12     | Reached XP level 12. HP: 72/72 MP: 4/24
 15105 | D:11     | Reached *** piety under Dithmenos
 15113 | Lair:1   | Entered Level 1 of the Lair of Beasts
 15221 | Lair:1   | Reached skill level 13 in Ice Magic
 15692 | Lair:1   | Noticed a six-headed hydra
 15715 | Lair:1   | Killed a six-headed hydra
 15860 | Lair:1   | Reached skill level 5 in Stealth
 16807 | Lair:2   | Noticed a six-headed hydra
 16812 | Lair:2   | Killed a six-headed hydra
 16970 | Lair:2   | Reached skill level 5 in Dodging
 17719 | Orc:1    | Entered Level 1 of the Orcish Mines
 17861 | Orc:1    | Found Zeihick's Gadget Shoppe.
 17966 | Orc:1    | Gained mutation: Your magical capacity is low (-10% MP). [a neqoxec]
 17973 | Orc:1    | Reached skill level 1 in Shields
 18358 | Orc:1    | You fall through a shaft!
 18358 | Orc:2    | Entered Level 2 of the Orcish Mines
 18472 | Orc:1    | Reached **** piety under Dithmenos
 19004 | Orc:2    | Found a staircase to the Elven Halls.
 19481 | Orc:2    | Found a roughly hewn altar of Beogh.
 19964 | Orc:2    | Noticed an orc high priest
 19976 | Orc:2    | Killed an orc high priest
 19986 | Orc:2    | Reached skill level 5 in Fighting
 20099 | Orc:2    | Reached XP level 13. HP: 36/81 MP: 3/23
 20890 | Orc:2    | Reached skill level 14 in Ice Magic
 21288 | Orc:2    | Paralysed by an orc sorcerer for 6 turns
 22177 | Orc:2    | Found Pehogo's Magic Scroll Emporium.
 22177 | Orc:2    | Found Bymi's Weapon Shop.
 22179 | Orc:2    | Found Niotuqio's Food Shop.
 22179 | Orc:2    | Found Yderock's Book Emporium.
 22189 | Orc:2    | Bought a scroll of identify for 26 gold pieces
 22189 | Orc:2    | Bought a scroll of identify for 26 gold pieces
 22189 | Orc:2    | Bought a scroll of identify for 26 gold pieces
 22463 | D:5      | Bought a +4 ring of protection for 468 gold pieces
 22463 | D:5      | Bought the ring of the Mage {Wiz MR++ Int+3} for 672 gold pieces
 22463 | D:5      | Bought a +3 ring of protection for 273 gold pieces
 22710 | Lair:3   | Reached ***** piety under Dithmenos
 23645 | Lair:4   | Noticed Rupert
 23685 | Lair:4   | Killed Rupert
 23962 | Lair:4   | Reached skill level 10 in Spellcasting
 24117 | Lair:4   | Noticed a dire elephant
 24386 | D:13     | Found a portal to a secret trove of treasure.
 24783 | D:13     | Reached skill level 10 in Conjurations
 25943 | D:13     | Reached skill level 15 in Ice Magic
 25955 | D:13     | Reached XP level 14. HP: 71/90 MP: 8/25
 26430 | D:13     | Reached ****** piety under Dithmenos
 27017 | D:14     | Found a gate to the Vaults.
 27022 | D:14     | Reached skill level 1 in Charms
 27549 | D:14     | Noticed a fire giant
 27568 | D:14     | Killed from afar by a fire giant

Skill      XL: |  1  2  3  4  5  6  7  8  9 10 11 12 13 14 |
---------------+-------------------------------------------+-----
Ice Magic      | 4 5 6 7 9 10 11 12 13 15 | 15.2
Spellcasting   | 3 4 5 6 7 8 9 10 | 10.4
Conjurations   | 3 4 5 7 8 9 10 | 10.4
Translocations | 2 3 |  3.0
Fighting       | 3 5 6 7 |  7.2
Dodging        | 4 5 7 |  7.6
Stealth        | 3 5 |  5.1
Shields        | 1 |  1.5
Charms         | 2 |  2.1

Action                   |  1- 3 |  4- 6 |  7- 9 | 10-12 | 13-15 || total
-------------------------+-------+-------+-------+-------+-------++-------
Melee: Unarmed           |    43 |    66 |       |       |       ||   109
       Constrict         |    15 |    24 |    42 |    53 |    24 ||   158
       Tentacles         |     9 |    19 |    38 |    37 |    20 ||   123
       Dagger            |       |     9 |       |       |       ||     9
       Quarterstaff      |       |     3 |   239 |   198 |   128 ||   568
       Staff             |       |       |       |    47 |       ||    47
 Fire: Blowgun           |       |    12 |    12 |    28 |       ||    52
 Cast: Freeze            |    25 |    81 |    12 |     3 |    10 ||   131
       Throw Frost       |     2 |    13 |    32 |    46 |    49 ||   142
       Ozocubu's Armour  |     1 |     3 |    13 |    17 |    15 ||    49
       Throw Icicle      |       |       |    27 |   107 |    83 ||   217
       Blink             |       |       |     7 |     9 |    11 ||    27
       Summon Ice Beast  |       |       |     4 |   131 |    97 ||   232
       Apportation       |       |       |       |       |     3 ||     3
Evoke: Wand              |       |     1 |     4 |     2 |    15 ||    22
  Use: Potion            |       |     1 |     3 |       |     2 ||     6
       Scroll            |       |       |    14 |     6 |     8 ||    28
 Stab: Sleeping          |     3 |    13 |    18 |    11 |     2 ||    47
       Paralysed         |       |       |     7 |       |     7 ||    14
       Distracted        |       |       |     6 |     3 |       ||     9
  Eat: Chunk             |     2 |     9 |    14 |    26 |     9 ||    60
       Fruit             |       |     3 |     5 |       |       ||     8
       Beef jerky        |       |       |     1 |     3 |     2 ||     6
       Royal jelly       |       |       |     1 |       |       ||     1
       Pizza             |       |       |       |     3 |       ||     3
       Bread ration      |       |       |       |     2 |     3 ||     5
Armor: Skin              |     6 |    35 |    48 |    49 |    31 ||   169
Dodge: Dodged            |    42 |    67 |   141 |   218 |   207 ||   675
Block: Buckler           |       |       |       |    21 |       ||    21
